 Dungeon Crawl Stone Soup version 0.29.1-15-g9cfb28693d (webtiles) character file.

Game seed: 7238209520851391500

21 Mickster the Sneak (level 2, 0/23 HPs)
             Began as a Demigod Wanderer on Feb 25, 2023.
             Slain by an adder (2 damage)
             ... on level 2 of the Dungeon.
             The game lasted 00:11:12 (977 turns).

Mickster the Sneak (Demigod Wanderer)                Turns: 977, Time: 00:11:13

Health: 0/23       AC:  6    Str: 11    XL:     2   Next: 48%
Magic:  4/4        EV:  9    Int: 13    God:
Gold:   51         SH:  0    Dex: 16    Spells: 1/1 levels left

rFire   . . .      SeeInvis .   a - +2 mace
rCold   . . .      Faith    .   (no shield)
rNeg    . . .      Spirit   .   h - +0 ring mail
rPois   .          Reflect  .   c - +0 helmet
rElec   .          Harm     .   (no cloak)
rCorr   .          Rampage  .   (no gloves)
Will    .....                   (no boots)
Stlth   ++........              (no amulet)
HPRegen 0.07/turn               (no ring)
MPRegen 0.09/turn               (no ring)

@: lethally poisoned (0 -> -6)
A: high MP 1, forlorn, divine attributes
a: no special abilities


You were on level 2 of the Dungeon.
You visited 1 branch of the dungeon, and saw 2 of its levels.

You collected 51 gold pieces.

Inventory:

Hand Weapons
 a - a +2 mace (weapon)
 b - a +0 quarterstaff
 f - a +0 dagger
Missiles
 g - 4 stones (quivered)
Armour
 c - a +0 helmet (worn)
 e - a +0 robe
 h - a +0 ring mail (worn)
Potions
 d - a potion of heal wounds


   Skills:
 + Level 1.0 Fighting
 * Level 3.2(3.5) Maces & Flails
 - Level 1.7(2.7) Staves
 + Level 0.1 Armour
 + Level 4.0 Stealth


You had one spell level left.
You didn't know any spells.
Your spell library contained the following spells:

 Spells                   Type           Power      Damage    Failure   Level
 Magic Dart               Conj           0%         1d3       58%         1
 Sting                    Tmut/Pois      0%         1d3       58%         1
 Call Imp                 Summ           0%         N/A       75%         2
 Poisonous Vapours        Pois/Air       0%         N/A       75%         2
 Mephitic Cloud           Conj/Pois/Air  0%         N/A       92%         3
 Olgreb's Toxic Radiance  Pois           0%         N/A       100%        4


Dungeon Overview and Level Annotations

Branches:
Dungeon (2/15)


Innate Abilities, Weirdness & Mutations

You have an increased reservoir of magic. (+10% MP)
You shall have no god before yourself.
Your divine heritage dramatically boosts your attributes as you level up.


Message History

You barely miss the frilled lizard. The adder bites you but does no damage.
The frilled lizard barely misses you.
You closely miss the frilled lizard. The adder bites you but does no damage.
The frilled lizard bites you but does no damage.
The adder bites you but does no damage.
You barely miss the frilled lizard. The adder bites you but does no damage.
The frilled lizard bites you but does no damage.
You barely miss the frilled lizard. The adder bites you.
The frilled lizard barely misses you. The adder bites you.
You are poisoned.
The adder poisons you!
The frilled lizard bites you but does no damage.
You thump the frilled lizard!
You kill the frilled lizard!
You feel sick. The adder misses you. The adder bites you but does no damage.
You feel sick. The adder bites you.
You are more poisoned.
The adder poisons you!
You hit the adder.
The adder is moderately wounded.
You feel sick. The adder bites you but does no damage.
You closely miss the adder.
The adder is moderately wounded.
You feel sick. The adder barely misses you. x2
You miss the adder.
The adder is lightly wounded.
* * * LOW HITPOINT WARNING * * *
You feel sick. The adder bites you but does no damage.
The adder barely misses you.
You miss the adder.
The adder is lightly wounded.
You feel sick. The adder bites you.
* * * LOW HITPOINT WARNING * * *
You are lethally poisoned!
The adder poisons you!
You barely miss the adder.
The adder is lightly wounded.
* * * LOW HITPOINT WARNING * * *
You feel sick. The adder closely misses you. The adder bites you.
You die...

,,,,,,,* #..##........#,...
******,* #..###....§#.#.#*,
*,**#######...###..§§.§#.#*,
*,,,.[......#.###...§§.§.=,,
*****,**#####.#..#.##......###**
*,,,,,,,,,,..#..##........§§####
*,***,****###.#..#.........§...<
*,* *,**#######.#...........##**
*,* *,,,.......@.#.......##.# *
*,* ****#######S###.#....#*,#* *
*,* #.## ##.....#,,,*** *,*
##,**#.######,,,,,* *,*
***,,#..,,,,**,,,,,, *,*
*,,,#.#****,,,,,,,*, *,* *,**##*
*******,,, *,* *,* **,* *,* *,*
*,,


You could see an adder.

Vanquished Creatures
  2 dart slugs (D:1)
  3 endoplasms
  A giant cockroach (D:1)
  3 goblins (D:1)
  2 ball pythons (D:1)
  2 frilled lizards (D:2)
  2 kobolds
  2 rats (D:1)
17 creatures vanquished.

Notes
Turn   | Place    | Note
-------+----------+-------------------------------------------
     0 | D:1      | Mickster the Demigod Wanderer began the quest for the Orb.
     0 | D:1      | Mickster set off with the following items: a +2 mace, a +0
                  | quarterstaff, a +0 helmet, a potion of heal wounds, a +0
                  | robe.
     0 | D:1      | Reached XP level 1. HP: 16/16 MP: 3/3
   428 | D:1      | Reached XP level 2. HP: 20/23 MP: 4/4
   940 | D:2      | Reached skill level 4 in Stealth
   977 | D:2      | Slain by an adder

Illustrated notes

Levels and vault maps discovered:
D:1:      shiori_arrival_oz, layout_basic
D:2:      layout_loops_ring, basic_altar, ebering_ecumenical_altar_mist,
          uniq_jessica

Skill      XL: |  1  2 |
---------------+-------+-----
Maces & Flails | 3 |  3.2
Stealth        | 4 |  4.0
Fighting       | |  1.0
Staves         | |  1.7
Armour         | |  0.1

Action                   || total
-------------------------++-------
Melee: Mace              ||    41
Throw: Stone             ||     5
  Use: Potion            ||     2
       Scroll            ||     1
 Stab: Sleeping          ||     3
Armor: Ring mail         ||    21
Dodge: Dodged            ||    20
